 Dungeon Crawl Stone Soup version 0.30-a0-948-g4fa250aae5 (webtiles) character file.

Game seed: 12656551754069660150

17340 Shard1697 the Summoner (level 11, 0/88 HPs)
             Began as a Demigod Wanderer on Mar 27, 2023.
             Slain by a meliai
             ... wielding a +0 hand axe
              (6 damage)
             ... on level 12 of the Dungeon.
             The game lasted 00:35:42 (12999 turns).

Shard1697 the Summoner (Demigod Wanderer)          Turns: 12999, Time: 00:35:42

Health: 0/88       AC: 25    Str: 21    XL:     11   Next: 90%
Magic:  24/24      EV: 11    Int: 24    God:
Gold:   765        SH:  5    Dex: 20    Spells: 11/22 levels left

rFire   . . .      SeeInvis .    a - +10 dire flail of Oryr {drain, Int+4}
rCold   . . .      Faith    .    (shield currently unavailable)
rNeg    . . .      Spirit   .    f - +10 plate armour of the Zebra {Str+3}
rPois   .          Reflect  +    (no helmet)
rElec   .          Rampage  .    E - +2 cloak
rCorr   .                        s - +0 pair of gloves
Will    +....                    c - +0 pair of boots {Stlth+} Stlth
                                 j - amulet of reflection
HPRegen 0.34/turn                i - +5 ring of evasion
MPRegen 0.19/turn                n - +6 ring of dexterity

@: no status effects
A: high MP 1, forlorn, divine attributes
a: no special abilities


You were on level 12 of the Dungeon.
You visited 1 branch of the dungeon, and saw 12 of its levels.
You also visited: Sewer.

You collected 1735 gold pieces.
You spent 970 gold pieces at shops.

Inventory:

Hand Weapons
 a - the +10 dire flail of Oryr (weapon) {drain, Int+4}
   (You bought it in a shop on level 4 of the Dungeon)

   Int:       It affects your intelligence (+4).
 b - a +1 battleaxe of draining
 d - a +3 eveningstar
Missiles
 u - 2 throwing nets (quivered)
Armour
 c - a +0 pair of boots of stealth (worn)
 f - the +10 plate armour of the Zebra (worn) {Str+3}
   (You found it on level 9 of the Dungeon)

   Str:       It affects your strength (+3).
 s - a +0 pair of gloves (worn)
 z - a +2 leather armour of cold resistance
 E - a +2 cloak (worn)
 H - a +0 cloak of willpower
Jewellery
 h - an amulet of regeneration
 i - a +5 ring of evasion (left hand)
 j - an amulet of reflection (around neck)
 n - a +6 ring of dexterity (right hand)
 A - a ring of resist corrosion
 B - a ring of positive energy
Wands
 l - a wand of quicksilver (3)
 q - a wand of charming (3)
 x - a wand of polymorph (5)
 C - a wand of flame (4)
 D - a wand of iceblast (12)
Scrolls
 g - a scroll of vulnerability
 p - a scroll of teleportation
 v - 7 scrolls of identify
 y - 2 scrolls of poison
 G - a scroll of blinking
Potions
 e - 2 potions of curing
 m - 2 potions of brilliance
 o - 2 potions of haste
 r - a potion of might
 t - 2 potions of flight
 w - 4 potions of mutation
 I - a potion of attraction


   Skills:
 - Level 5.2 Fighting
 - Level 1.3 Short Blades
 - Level 7.4(8.0) Maces & Flails
 - Level 4.3(6.5) Staves
 - Level 1.0 Throwing
 - Level 1.7 Dodging
 - Level 1.0 Stealth
 + Level 6.2 Spellcasting
 - Level 1.2 Conjurations
 - Level 3.2 Hexes
 * Level 11.5 Summonings
 - Level 3.2 Necromancy
 - Level 6.0 Earth Magic
 - Level 1.0 Poison Magic


You had 11 spell levels left.
You knew the following spells:

 Your Spells              Type           Power      Damage    Failure   Level
a - Necrotise             Necr           92%        1d8       54%         1
b - Kiss of Death         Conj/Necr      72%        2d10      71%         1
c - Summon Guardian Gole  Hex/Summ       42%        N/A       36%         3
d - Cigotuvi's Dreadful   Necr/Pois/Air  28%        N/A       91%         2
t - Animate Armour        Summ/Erth      98%        N/A       56%         4

Your spell library contained the following spells:

 Spells                   Type           Power      Damage    Failure   Level
 Summon Small Mammal      Summ           100%       N/A       2%          1
 Passwall                 Tmut/Erth      17%        N/A       75%         2
 Ensorcelled Hibernation  Hex/Ice        30%        N/A       89%         2
 Confusing Touch          Hex            23%        N/A       90%         3
 Sting                    Tmut/Pois      36%        1d4       91%         1
 Apportation              Tloc           14%        N/A       95%         1
 Poisonous Vapours        Pois/Air       18%        N/A       97%         2
 Dazzling Flash           Conj/Hex       36%        N/A       97%         3
 Hailstorm                Conj/Ice       10%        3d5       99%         3
 Mephitic Cloud           Conj/Pois/Air  11%        N/A       99%         3
 Ignite Poison            Fire/Tmut/Pois 9%         N/A       100%        3
 Swiftness                Air            7%         N/A       100%        3
 Dispel Undead            Necr           23%        3d12      100%        4
 Ice Form                 Ice/Tmut       7%         N/A       100%        4
 Agony                    Necr           23%        N/A       100%        5
 Blade Hands              Tmut           3%         N/A       100%        5
 Irradiate                Conj/Tmut      5%         3d13      100%        5
 Silence                  Hex/Air        7%         N/A       100%        5
 Iron Shot                Conj/Erth      12%        9d3       100%        6
 Simulacrum               Ice/Necr       7%         N/A       100%        6
 Dragon Form              Tmut           3%         N/A       100%        7
 Orb of Destruction       Conj           6%         9d6       100%        7
 Spellforged Servitor     Conj/Summ      19%        N/A       100%        7
 Chain Lightning          Conj/Air       5%         3d6       100%        9
 Fire Storm               Conj/Fire      5%         8d1       100%        9
 Shatter                  Erth           18%        3d17*     100%        9


Dungeon Overview and Level Annotations

Branches:
Dungeon (12/15)            Temple (0/1) D:5            Lair (0/5) D:8
    Orc (0/2) D:10          Sewer (visited)

Shops:
D:4 [:*((


Innate Abilities, Weirdness & Mutations

You have an increased reservoir of magic. (+10% MP)
You shall have no god before yourself.
Your divine heritage dramatically boosts your attributes as you level up.


Message History

* * * LOW HITPOINT WARNING * * *
You block the meliai's attack.
The meliai hits your troll with a +0 war axe!
The meliai misses you. The meliai hits you but does no damage.
The meliai closely misses you.
You feel much better. The meliai hits you but does no damage.
The meliai stings you but does no damage.
The meliai hits you but does no damage.
The meliai stings you but does no damage.
The meliai hits you with a +0 war axe!
The meliai hits your troll with a +0 war axe.
The meliai stings you but does no damage.
The meliai calls down the wrath of its god upon you.
Something smites you! The meliai hits you but does no damage.
The meliai hits your troll with a +0 war axe!
The meliai stings you.
* * * LOW HITPOINT WARNING * * *
The meliai hits you but does no damage.
The meliai stings you but does no damage.
Your troll misses the meliai.
Your troll claws the meliai.
Your troll claws the meliai!
You sock the meliai!
You kill the meliai!
The meliai calls down the wrath of its god upon you.
Something smites you!
* * * LOW HITPOINT WARNING * * *
The meliai hits you but does no damage.
The meliai hits your yak with a +0 hand axe!
The meliai stings you but does no damage.
The meliai calls down the wrath of its god upon you.
Something smites you!
* * * LOW HITPOINT WARNING * * *
The meliai hits you but does no damage. The meliai barely misses you.
You feel better. The meliai barely misses you.
The meliai stings you but does no damage.
The meliai hits you with a +0 hand axe.
* * * LOW HITPOINT WARNING * * *
The meliai hits your yak with a +0 hand axe!
The meliai stings you.
You die...

..... #...#
#...#
######$..######
.....^Y........
........T.Y....
......y)YO.....
#y@.# #Y..#
#...# #...#
#######...#
##..........#
#.......#...#
#<..#.#.##.##
#..###......##


You could see 2 meliai, a friendly two-headed ogre (summoned), 4 friendly yaks
and a friendly troll (summoned).

Vanquished Creatures
  Harold (D:10)
  A centaur warrior (D:9)
  4 two-headed ogres
  Urug (D:11)
  A manticore (D:11)
  2 cyclopes (D:11)
  2 ugly things (D:9)
  Maurice (D:10)
  A gargoyle (D:10)
  A kobold demonologist (D:10)
  A troll (D:11)
  4 meliai (D:12)
  Grinder (D:3)
  A dream sheep (shapeshifter) (D:5)
  Prince Ribbit (D:8)
  Sigmund (D:4)
  12 yaks
  A steam dragon (D:9)
  Eustachio (D:6)
  Edmund (D:5)
  An acid dragon (D:8)
  A water moccasin (D:9)
  2 orc warriors
  An ice beast (D:7)
  2 ogres
  2 wolves (D:8)
  3 centaurs
  A phantom (Sewer)
  3 kobold brigands (D:9)
  A bullfrog (D:6)
  3 scorpions
  2 gnoll sergeants
  8 wights
  12 killer bees
  9 howler monkeys
  3 nameless horrors
  An electric eel (D:8)
  2 jellies
  2 quasits (D:7)
  A gnoll bouda (D:8)
  2 hounds
  7 orc priests
  2 sleepcaps
  Crazy Yiuf (D:3)
  7 iguanas
  12 orc wizards
  A statue (D:5)
  10 gnolls
  5 adders
  2 shadow imps (Sewer)
  A white imp (D:6)
  3 ufetubi
  An adder zombie (Sewer)
  A worm (D:2)
  2 dart slugs
  35 orcs
  8 ball pythons
  11 bats
  2 bat zombies (Sewer)
  9 endoplasms
  13 giant cockroaches
  11 goblins
  5 hobgoblins
  7 jackals
  4 quokkas
  2 frilled lizards
  35 kobolds
  A kobold zombie (Sewer)
  6 rats
305 creatures vanquished.

Vanquished Creatures (collateral kills)
  A two-headed ogre (D:6)
  A komodo dragon (D:8)
  A wyvern (D:8)
  Grum (D:8)
  A steam dragon (D:8)
  Duvessa (D:7)
  An orc warrior (D:8)
  2 ogres (D:6)
  A kobold brigand (D:8)
  A scorpion (D:7)
  4 wights
  Dowan (D:7)
  2 quasits
  A jelly (D:7)
  An orc priest (D:8)
  An orc wizard (D:7)
  4 gnolls
  5 shadow imps (D:7)
  2 white imps (D:7)
  2 ufetubi (D:7)
  4 orcs
  3 kobolds
41 creatures vanquished.

Vanquished Creatures (others)
  A wight (D:9)
  2 electric eels (D:9)
  An orc wizard (D:9)
  41 plants (D:8)
45 creatures vanquished.

Grand Total: 391 creatures vanquished

Notes
Turn   | Place    | Note
-------+----------+-------------------------------------------
     0 | D:1      | Shard1697 the Demigod Wanderer began the quest for the Orb.
     0 | D:1      | Shard1697 set off with the following items: a +0 dagger, a
                  | scroll of teleportation, a +0 robe, a +0 cloak; and the
                  | following spells available to memorise: Necrotise, Kiss of
                  | Death, Sting, Cigotuvi's Dreadful Rot, Ignite Poison.
     0 | D:1      | Reached XP level 1. HP: 16/16 MP: 5/5
     2 | D:1      | Learned a level 1 spell: Necrotise
     4 | D:1      | Learned a level 1 spell: Kiss of Death
   430 | D:1      | Reached XP level 2. HP: 23/23 MP: 7/7
   722 | D:1      | Learned a level 2 spell: Cigotuvi's Dreadful Rot
  1163 | D:2      | Reached XP level 3. HP: 22/27 MP: 9/9
  2040 | D:3      | Reached skill level 1 in Short Blades
  2040 | D:3      | Reached skill level 1 in Conjurations
  2040 | D:3      | Reached XP level 4. HP: 30/35 MP: 6/10
  2148 | D:3      | Learned a level 3 spell: Summon Guardian Golem
  2364 | D:3      | Reached skill level 1 in Summonings
  2405 | D:3      | Found a runed translucent door.
  2406 | D:3      | Noticed Crazy Yiuf
  2415 | D:3      | Killed Crazy Yiuf
  2416 | D:3      | Reached skill level 2 in Summonings
  2416 | D:3      | Reached XP level 5. HP: 33/36 MP: 4/11
  2675 | D:3      | Noticed Grinder
  2681 | D:3      | Paralysed by Grinder for 3 turns
  2688 | D:3      | Killed Grinder
  2689 | D:3      | Reached XP level 6. HP: 47/47 MP: 12/12
  3027 | D:4      | Found Wesakhlui's Armour Shop.
  3318 | D:4      | Found Vusoxote's Weapon Shop.
  3345 | D:4      | Found Itemyesh's Weapon Boutique.
  3366 | D:4      | Found Huwnes's Assorted Antiques.
  3683 | D:4      | Found Haecsu Ceosm's Book Emporium.
  4075 | D:5      | Entered Level 5 of the Dungeon
  4111 | D:5      | Found a glowing drain.
  4123 | Sewer    | Entered a sewer
  4254 | Sewer    | Reached skill level 1 in Hexes
  4254 | Sewer    | Reached XP level 7. HP: 48/52 MP: 9/14
  4330 | Sewer    | Reached skill level 3 in Summonings
  4404 | D:5      | Noticed Edmund
  4413 | D:5      | a scorpion changed into a glowing shapeshifter
  4413 | D:5      | Noticed a glowing shapeshifter (glowing shapeshifter)
  4413 | D:5      | a glowing shapeshifter changed into a dream sheep
  4413 | D:5      | Noticed a dream sheep (glowing shapeshifter)
  4413 | D:5      | a dream sheep changed into a two-headed ogre
  4413 | D:5      | Noticed a two-headed ogre (glowing shapeshifter)
  4415 | D:5      | a two-headed ogre changed into a dream sheep
  4415 | D:5      | Noticed a dream sheep (glowing shapeshifter)
  4417 | D:5      | Killed a dream sheep
  4425 | D:5      | Killed Edmund
  4426 | D:5      | Reached skill level 4 in Summonings
  4510 | D:5      | Found a staircase to the Ecumenical Temple.
  4519 | D:5      | Noticed Sigmund
  4572 | D:4      | Killed Sigmund
  4573 | D:4      | Reached XP level 8. HP: 59/59 MP: 12/16
  4618 | D:5      | Learned a level 4 spell: Animate Armour
  4647 | D:5      | Reached skill level 5 in Summonings
  5139 | D:6      | Noticed Eustachio
  5146 | D:6      | Reached skill level 1 in Earth Magic
  5382 | D:6      | Killed Eustachio
  5383 | D:6      | Reached skill level 6 in Summonings
  5654 | D:6      | Noticed a two-headed ogre
  6094 | D:6      | Killed a two-headed ogre
  6095 | D:6      | Reached skill level 7 in Summonings
  6095 | D:6      | Reached XP level 9. HP: 35/64 MP: 14/18
  6571 | D:6      | Reached skill level 1 in Maces & Flails
  6880 | D:7      | Reached skill level 8 in Summonings
  7116 | D:7      | Noticed Duvessa
  7120 | D:7      | Noticed Dowan
  7133 | D:7      | Killed Dowan
  7143 | D:7      | Killed Duvessa
  7589 | D:7      | HP: 1/64 [killer bee (6)]
  7773 | D:8      | Noticed Prince Ribbit
  7804 | D:8      | Killed Prince Ribbit
  8163 | D:8      | Noticed Grum
  8186 | D:8      | Killed Grum
  8707 | D:8      | Reached XP level 10. HP: 38/71 MP: 11/19
  8714 | D:8      | Reached skill level 9 in Summonings
  8937 | D:8      | Reached skill level 5 in Maces & Flails
  9056 | D:8      | Found a staircase to the Lair.
  9058 | D:8      | Identified a scroll of acquirement
  9061 | D:8      | Acquired 1008 gold pieces
  9135 | D:4      | Bought the +10 dire flail of Oryr {drain, Int+4} for 798
                  | gold pieces
  9210 | D:4      | Bought a pair of embroidered boots for 172 gold pieces
  9786 | D:9      | Noticed a two-headed ogre
  9798 | D:9      | Killed a two-headed ogre
 10185 | D:9      | Identified the +10 plate armour of the Zebra {Str+3}
 10549 | D:9      | Noticed a white ugly thing
 10550 | D:9      | Noticed a brown ugly thing
 10560 | D:9      | Killed a cyan ugly thing
 10568 | D:9      | Killed a cyan ugly thing
 10653 | D:9      | Reached XP level 11. HP: 78/85 MP: 20/20
 10696 | D:9      | Reached skill level 5 in Fighting
 10891 | D:9      | Noticed a centaur warrior
 10899 | D:9      | Killed a centaur warrior
 11034 | D:10     | Entered Level 10 of the Dungeon
 11050 | D:10     | Reached skill level 5 in Earth Magic
 11103 | D:10     | Noticed Harold
 11129 | D:10     | Killed Harold
 11228 | D:10     | Noticed Maurice
 11228 | D:10     | Noticed a two-headed ogre
 11242 | D:10     | Killed a two-headed ogre
 11243 | D:10     | Reached skill level 10 in Summonings
 11258 | D:10     | Killed Maurice
 11499 | D:10     | Found a staircase to the Orcish Mines.
 11733 | D:10     | Reached skill level 5 in Spellcasting
 11867 | D:11     | Acquired a +0 cloak of willpower
 12003 | D:11     | Noticed Urug
 12030 | D:11     | Killed Urug
 12037 | D:11     | Noticed a two-headed ogre
 12045 | D:11     | Killed a two-headed ogre
 12231 | D:11     | Identified the +1 quarterstaff of the Pits of Slime
                  | {freeze, Int+2}
 12256 | D:11     | Reached skill level 11 in Summonings
 12510 | D:11     | Noticed a two-headed ogre
 12515 | D:11     | Killed a two-headed ogre
 12998 | D:12     | HP: 4/88 [meliai/divine providence (11)]
 12999 | D:12     | Slain by a meliai

Illustrated notes

Levels and vault maps discovered:
D:1:      mushboom_english_gardens, layout_loops_corners
D:2:      kennysheep_the_goblin_king, layout_loops_ring
D:3:      layout_basic, uniq_crazy_yiuf_cottage, uniq_grinder
D:4:      layout_basic, serial_shops, nicolae_shop_hallway_plus, shop,
          nicolae_lakefront_shop, shop, nicolae_shop_bloodbath_and_beyond,
          serial_curves, eino_curves_04, eino_curves_03, grunt_ministairs_9
D:5:      layout_gridville, vehumet_statue, minmay_overflow_temple_hex,
          minmay_temple_entry_offerings, gup_sewer_entry_pipe, uniq_edmund,
          uniq_sigmund
D:6:      layout_rooms, serial_glass, glass_columns_a, glass_columns_a,
          uniq_eustachio
D:7:      layout_rooms, serial_demonic, serial_demonic_g, serial_demonic_a,
          serial_demonic_f, serial_demonic_d, uniq_duvessa
D:8:      layout_basic, david_lair_shrubbed, hex_tiny, uniq_grum,
          uniq_prince_ribbit1
D:9:      minmay_bloctagon_deflated, layout_irregular_city,
          amcnicky_mini_pool_medium
D:10:     layout_small_grid, david_orc_3, uniq_maurice, uniq_harold
D:11:     layout_loops_corners, uniq_urug
D:12:     layout_loops_cross, serial_shops, bzr_entry_islet,
          nicolae_trove_entry_free_sample

Skill      XL: |  1  2  3  4  5  6  7  8  9 10 11 |
---------------+----------------------------------+-----
Necromancy     | 2 3 |  3.2
Spellcasting   | 2 3 4 6 |  6.2
Short Blades   | 1 |  1.3
Conjurations   | 1 |  1.2
Summonings     | 2 4 7 8 9 11 | 11.5
Staves         | 3 4 |  4.3
Hexes          | 1 3 |  3.2
Earth Magic    | 4 6 |  6.0
Maces & Flails | 4 7 |  7.4
Fighting       | 4 5 |  5.2
Throwing       | |  1.0
Dodging        | |  1.7
Stealth        | |  1.0
Poison Magic   | |  1.0

Action                     |  1- 3 |  4- 6 |  7- 9 | 10-12 || total
---------------------------+-------+-------+-------+-------++-------
  Melee: Dagger            |   112 |    14 |       |       ||   126
         Quarterstaff      |       |   103 |   115 |       ||   218
         Dire flail        |       |       |   188 |   344 ||   532
         Unarmed           |       |       |       |    10 ||    10
  Throw: Throwing net      |       |       |       |     1 ||     1
   Cast: Necrotise         |    14 |     8 |     3 |       ||    25
         Cigotuvi's Dreadf |     1 |       |       |       ||     1
         Kiss of Death     |       |     1 |       |       ||     1
         Summon Guardian G |       |     1 |     8 |       ||     9
         Animate Armour    |       |       |    15 |    11 ||    26
  Evoke: Wand              |       |       |     1 |     9 ||    10
    Use: Scroll            |       |    10 |     6 |    11 ||    27
         Potion            |       |     1 |     5 |    13 ||    19
   Stab: Sleeping          |     5 |     7 |       |       ||    12
         Invisible         |       |       |       |     7 ||     7
         Distracted        |       |       |       |     2 ||     2
 Armour: Robe              |    16 |     4 |       |       ||    20
         Ring mail         |       |    19 |   127 |    20 ||   166
         Skin              |       |       |       |    61 ||    61
         Plate armour      |       |       |       |   141 ||   141
  Dodge: Dodged            |    77 |    70 |   479 |   227 ||   853
  Block: Other             |    16 |    25 |   129 |    90 ||   260
         Reflection        |       |       |     4 |     2 ||     6

Table legend: (Time is in decaauts)
 A = Elapsed time spent in this place.
 B = Non-inter-level travel time spent in this place.
 C = Inter-level travel time spent in this place.
 D = Time resting spent in this place.
 E = Time spent auto-exploring this place.
 F = Levels seen in this place.
 G = Mean time per level.
                   A        B        C        D        E       F      G
               +--------+--------+--------+--------+--------+-----+--------+
         Total |  13070 |  12596 |    474 |   3061 |   6392 |  13 | 1005.4 |
       Dungeon |  12845 |  12371 |    474 |   3055 |   6383 |  12 | 1070.4 |
         Sewer |    225 |    225 |      0 |      6 |      9 |   1 |  225.0 |
               +--------+--------+--------+--------+--------+-----+--------+

Top non-repeatable levels by time:
     D:8: 1721 daAuts
     D:6: 1448 daAuts
     D:5: 1296 daAuts
     D:4: 1268 daAuts
     D:9: 1245 daAuts
     D:1: 1103 daAuts
    D:11: 1050 daAuts
     D:3: 1007 daAuts
     D:7: 937 daAuts
     D:2: 856 daAuts
    D:10: 798 daAuts
   Sewer: 225 daAuts
    D:12: 110 daAuts
